 Dungeon Crawl Stone Soup version 0.30-a0-166-g5d06c95188 (webtiles) character file.

Game seed: 12370070470506334549

107 qw the Chopper (level 4, -1/28 HPs)
             Began as a Gargoyle Fighter on Sept 29, 2022.
             Killed by nerve-wracking pain
             ... invoked by an orc priest
              (5 damage)
             ... on level 3 of the Dungeon.
             The game lasted 00:00:41 (2236 turns).

qw the Chopper (Gargoyle Fighter)                   Turns: 2236, Time: 00:00:42

Health: -1/28      AC: 14    Str: 21    XL:     4   Next: 86%
Magic:  4/4        EV: 13    Int:  9    God:
Gold:   131        SH:  4    Dex:  9    Spells: 3/3 levels left

rFire   . . .      SeeInvis .    Y - +0 war axe
rCold   + . .      Faith    .    c - +0 buckler
rNeg    + . .      Spirit   .    b - +0 scale mail
rPois   inf        Reflect  .    o - +1 helmet
rElec   +          Harm     .    (no cloak)
rCorr   .          Rampage  .    f - +0 pair of gloves
Will    .....                    j - +0 pair of boots
Stlth   ..........               (no amulet)
HPRegen 0.09/turn                k - ring of protection from cold
MPRegen 0.09/turn                q - +4 ring of evasion

@: no status effects
A: sickness immunity, AC +3, negative energy resistance 1, electricity
resistance, torment resistance 1, petrification resistance
a: no special abilities


You were on level 3 of the Dungeon.
You visited 1 branch of the dungeon, and saw 3 of its levels.

You collected 131 gold pieces.


Innate Abilities, Weirdness & Mutations

You are immune to sickness and miasma.
Your stone body is resilient. (AC +3)
You are immune to poison.
You resist negative energy. (rN+)
You are resistant to electric shocks. (rElec)
You are resistant to unholy torment.
You are immune to petrification.


   Skills:
 - Level 3.2 Fighting
 + Level 4.4 Axes
 - Level 3.2 Armour
 - Level 3.2 Shields


You had 3 spell levels left.
You didn't know any spells.
Your spell library was empty.

Inventory:

Hand Weapons
 l - a +0 mace
 Y - a +0 war axe (weapon)
Missiles
 e - 3 boomerangs (quivered)
Armour
 b - a +0 scale mail (worn)
 c - a +0 buckler (worn)
 f - a +0 pair of gloves (worn)
 j - a +0 pair of boots (worn)
 o - a +1 helmet (worn)
Jewellery
 g - an amulet of guardian spirit
 k - a ring of protection from cold (left hand)
 q - a +4 ring of evasion (right hand)
Potions
 a - a potion of attraction {unknown}
 d - 2 potions of might
 i - a potion of haste
 m - 2 potions of curing {unknown}
 n - a potion of invisibility {unknown}
 p - a potion of brilliance {unknown}
 r - a potion of flight {unknown}
 t - a potion of lignification {unknown}

Dungeon Overview and Level Annotations

Branches:
Dungeon (3/15)

Altars:

Shops:
D:1 [!


Message History

An orc comes into view. It is wielding a +0 war axe.
Throw: 3 boomerangs
Press: ? - help, Q - select action Shift-Dir - straight line, f - orc You throw a boomerang.
The orc shouts!
The boomerang hits the orc but does no damage.
An orc priest comes into view. It is wielding a +0 falchion.
The orc priest shouts!
You barely miss the orc priest. The orc priest completely misses you.
You hit the orc priest but do no damage.
The orc priest invokes the aid of Beogh against you.
Beogh smites you!
Ouch! That really hurt!
You barely miss the orc priest. You hit the orc. You barely miss the orc.
The orc priest barely misses you. The orc hits you but does no damage.
You block the orc's attack. The orc misses you.
The orc hits you but does no damage.
The orc priest calls upon Beogh to heal the orc.
The orc is healed somewhat.
You hit the orc.
The orc is almost dead.
You hit the orc priest but do no damage.
You completely miss the orc. The orc barely misses you.
The orc priest closely misses you. The orc hits you with a +0 war axe!
You barely miss the orc.
The orc is almost dead.
You hit the orc priest but do no damage.
You barely miss the orc. The orc hits you but does no damage.
The orc priest begins to cast a cantrip, but forgets the words!
You block the orc's attack.
You closely miss the orc.
The orc is almost dead.
You hit the orc priest but do no damage.
You closely miss the orc.
The orc priest calls down the wrath of Beogh upon you.
Pain shoots through your body!
You die...

#.#..............#
#.#.###...###.##.# #.#.#
#.........>. #.#.#
#....#####.# #.#.#
#....## #.#.# #......
#.#.# ##.).###
##.#.####..o###
#####..%.......o@.#######
........#......o.........
#####.....#.....)?.......
##........%.).#######
######.....).# #.......#
#.......# #########


You could see an orc priest and 2 orcs.

Vanquished Creatures
  An orc priest (D:3)
  2 adders
  2 dart slugs
  4 orcs (D:3)
  6 bats
  2 endoplasms
  3 giant cockroaches
  5 goblins
  8 hobgoblins
  3 kobolds
  A quokka (D:2)
  4 ball pythons
  5 frilled lizards
  3 rats
49 creatures vanquished.

Notes
Turn   | Place    | Note
-------+----------+-------------------------------------------
     0 | D:1      | qw the Gargoyle Fighter began the quest for the Orb.
     0 | D:1      | Reached XP level 1. HP: 14/14 MP: 1/1
     0 | D:1      | 0 ||| qw: Version: 0.2-a-12-gaebbb33
     0 | D:1      | 0 ||| qw: Game counter: 1040
     0 | D:1      | 0 ||| qw: Always use a shield: true
     0 | D:1      | 0 ||| qw: God list: Okawaru
     0 | D:1      | 0 ||| qw: Allow faded altars: false
     0 | D:1      | 0 ||| qw: Do Orc after D:15 true
     0 | D:1      | 0 ||| qw: Do second Lair branch before Depths: true
     0 | D:1      | 0 ||| qw: Lair rune preference: random
     0 | D:1      | 0 ||| qw: Plans: Normal, Zot:1-4, God:TSO, Crypt, Tomb,
                  | Pan, Slime:5, Hells, Abyss, Orb
     0 | D:1      | 0 ||| PLANNING D:1-11
    69 | D:1      | Reached skill level 2 in Axes
    86 | D:1      | Found Colist's Distillery.
    97 | D:1      | 97 ||| SHOPLISTING potion of attraction (39 gold, have 0).
    97 | D:1      | 97 ||| SHOPLISTING potion of curing (39 gold, have 0).
    97 | D:1      | 97 ||| SHOPLISTING potion of heal wounds (65 gold, have 0).
    97 | D:1      | 97 ||| SHOPLISTING potion of mutation (104 gold, have 0).
   137 | D:1      | 137 ||| Stepping ~*~*~tactically~*~*~ (stealth).
   306 | D:1      | Reached XP level 2. HP: 19/19 MP: 2/2
   475 | D:1      | 475 ||| Stepping ~*~*~tactically~*~*~ (stealth).
   565 | D:1      | 565 ||| DROPPING +0 club.
   859 | D:1      | Found a faded altar of an unknown god.
   952 | D:1      | 952 ||| Stepping ~*~*~tactically~*~*~ (stealth).
   953 | D:1      | 953 ||| Stepping ~*~*~tactically~*~*~ (stealth).
   958 | D:1      | Reached skill level 3 in Axes
  1131 | D:1      | Found Aqobufuwk's Antique Armour Shoppe.
  1137 | D:1      | 1137 ||| SHOPLISTING glowing ring mail (147 gold, have 61).
  1137 | D:1      | 1137 ||| SHOPLISTING runed helmet (157 gold, have 61).
  1362 | D:1      | 1362 ||| UPGRADING to +0 pair of boots.
  1367 | D:1      | 1367 ||| DROPPING amulet of magic regeneration.
  1368 | D:1      | 1368 ||| UPGRADING to ring of protection from cold.
  1369 | D:1      | 1369 ||| READING 2 scrolls labelled RUAPUPR AWAUF.
  1370 | D:1      | 1370 ||| READING scroll labelled MIAH NIRRU.
  1371 | D:1      | 1371 ||| READING scroll labelled DERORIYSALL.
  1372 | D:1      | 1372 ||| READING scroll labelled FERROOBUAL.
  1373 | D:1      | 1373 ||| READING scroll labelled FOFUGI XONLEWE.
  1374 | D:1      | 1374 ||| DRINKING 2 metallic pink potions.
  1375 | D:1      | 1375 ||| DROPPING scroll of blinking.
  1399 | D:2      | Reached XP level 3. HP: 23/23 MP: 3/3
  1518 | D:2      | 1518 ||| Stepping ~*~*~tactically~*~*~ (stealth).
  1519 | D:2      | 1519 ||| Stepping ~*~*~tactically~*~*~ (stealth).
  1922 | D:2      | 1922 ||| Stepping ~*~*~tactically~*~*~ (stealth).
  2034 | D:2      | 2034 ||| UPGRADING to +0 pair of gloves.
  2039 | D:2      | 2039 ||| UPGRADING to +1 helmet.
  2044 | D:2      | 2044 ||| UPGRADING to +4 ring of evasion.
  2045 | D:2      | 2045 ||| READING scroll labelled BULUCU JAOT.
  2046 | D:2      | 2046 ||| READING scroll labelled AKUESSOIQE.
  2099 | D:3      | 2099 ||| Stepping ~*~*~tactically~*~*~ (stealth).
  2104 | D:3      | 2104 ||| Stepping ~*~*~tactically~*~*~ (stealth).
  2165 | D:3      | Reached XP level 4. HP: 26/28 MP: 4/4
  2167 | D:3      | Reached skill level 4 in Axes
  2216 | D:3      | 2216 ||| Stepping ~*~*~tactically~*~*~ (stealth).
  2217 | D:3      | 2217 ||| Stepping ~*~*~tactically~*~*~ (stealth).
  2219 | D:3      | 2219 ||| Stepping ~*~*~tactically~*~*~ (stealth).
  2234 | D:3      | HP: 4/28 [orc/+0 war axe (8)]
  2236 | D:3      | Killed from afar by an orc priest

Levels and vault maps discovered:
D:1:      dpeg_arrival_signposts, layout_loops_corners, serial_shops,
          nicolae_square_shop, nicolae_shop_crystal,
          shapermc_ecumenical_altar_mp_highgroup, minivault_5,
          minmay_misc_feat_alley, amcnicky_mini_pool_small,
          chequers_serial_rivers_large_a, minmay_misc_feat_four_crosses,
          minmay_tall_x
D:2:      layout_loops_cross
D:3:      layout_loops_ring, gammafunk_ghost_nasty_kobolds

Skill      XL: |  1  2  3  4 |
---------------+-------------+-----
Axes           | 2 3 4 |  4.4
Fighting       | |  3.2
Armour         | |  3.2
Shields        | |  3.2

Action                   |  1- 3 |  4- 6 || total
-------------------------+-------+-------++-------
Melee: War axe           |   102 |    14 ||   116
Throw: Boomerang         |    37 |     6 ||    43
  Use: Scroll            |     7 |       ||     7
       Potion            |     1 |       ||     1
Armor: Scale mail        |    55 |     6 ||    61
Dodge: Dodged            |    41 |    13 ||    54
Block: Buckler           |    14 |     2 ||    16

Table legend:
 A = Non-vault XP
 B = Vault XP
 C = Vault XP percentage of total XP
 D = Non-vault monster count
 E = Vault monster count
 F = Vault count percentage of total count
                 A         B        C        D         E       F
            +---------+---------+-------+---------+---------+-------
      Total |     149 |       5 |   3.2 |      45 |       4 |   8.2
            +---------+---------+-------+---------+---------+-------
        D:1 |      28 |       5 |  15.2 |      15 |       4 |  21.1
        D:2 |      43 |       0 |   0.0 |      19 |       0 |   0.0
        D:3 |      78 |       0 |   0.0 |      11 |       0 |   0.0
            +---------+---------+-------+---------+---------+-------
